 Dungeon Crawl Stone Soup version 0.17-a0-1103-ga40c899 (webtiles) character file.

28895 Jine the Fighter (level 13, -2/109 HPs)
             Began as a Demonspawn Abyssal Knight on May 21, 2015.
             Was the Champion of Lugonu.
             Slain by a blink frog (13 damage)
             ... on level 4 of the Lair of Beasts.
             The game lasted 00:57:13 (14236 turns).

Jine the Fighter (Demonspawn Abyssal Knight)       Turns: 14236, Time: 00:57:13

Health: -2/109     AC:  0    Str: 18    XL:     13   Next: 12%
Magic:  0/21       EV: 19    Int: 13    God:    Lugonu [******]
Gold:   550        SH:  0    Dex: 13    Spells: 0 memorised, 12 levels left

rFire  . . .     SeeInvis .     (weapon currently unavailable)
rCold  . . .     Clarity  .     (armour currently unavailable)
rNeg   . . .     SustAb   .     (shield currently unavailable)
rPois  .         Gourm    .     (helmet currently unavailable)
rElec  .         Spirit   +     (cloak currently unavailable)
rCorr  .         Warding  .     (gloves currently unavailable)
rMut   .         Stasis   .     (boots currently unavailable)
MR     .....                    X - amulet of guardian spirit
Stlth  ++........               (ring currently unavailable)
                                (ring currently unavailable)

@: pig-form, very quick, not resistant to hostile enchantments, unstealthy
A: (antennae 0), (iridescent scales 0), powered by death 2, (spiny 0)
a: Depart the Abyss, Bend Space, Banish, Corrupt, Enter the Abyss, Renounce
Religion


You were on level 4 of the Lair of Beasts.
You worshipped Lugonu.
Lugonu was exalted by your worship.
You were not hungry.
You were a filthy swine.
You visited 3 branches of the dungeon, and saw 16 of its levels.
You visited the Abyss 1 time.

You collected 720 gold pieces.
You spent 170 gold pieces at shops.

Inventory:

Hand weapons
 t - a +4 scimitar of flaming (melded)
 u - a +2 falchion
Armour
 j - a +2 buckler
 m - a +0 pair of boots (melded)
 n - a +4 chain mail (melded)
 o - a +2 hat (melded)
 x - a +2 cloak (melded)
 y - a +0 pair of gloves (melded)
Jewellery
 B - a ring of fire (melded)
 C - an uncursed ring of flight
 X - an amulet of guardian spirit (around neck)
 Y - a ring of fire (melded)
Magical devices
 e - a wand of disintegration (14)
 f - a wand of slowing (6)
 s - a wand of fire (14)
 A - a wand of paralysis (13)
 J - a wand of cold (8)
 P - a wand of slowing (38)
 V - a wand of disintegration (9)
Scrolls
 a - a scroll of recharging
 w - 2 scrolls of identify
 E - a scroll of brand weapon {unknown}
 K - a scroll of teleportation
 S - 4 scrolls of fog
Potions
 d - a potion of invisibility
 g - a potion of brilliance {unknown}
 i - 2 potions of agility
 k - 3 potions of curing
 l - a potion of heal wounds
 q - 3 potions of berserk rage
 z - a potion of poison
 G - 2 potions of degeneration
 I - a potion of magic {unknown}
 O - a potion of lignification {unknown}
 W - a potion of beneficial mutation {unknown}
 Z - a potion of ambrosia {unknown}
Books
 r - a book of Transfigurations

   Spells                             Type                      Level
   a - Stoneskin                      Transmutation/Earth          2
   b - Irradiate                      Conjuration/Transmutation    5
   c - Statue Form                    Transmutation/Earth          6
   d - Hydra Form                     Transmutation                6
   e - Dragon Form                    Transmutation                7
 M - a Young Poisoner's Handbook

   Spells                             Type                      Level
   a - Sting                          Conjuration/Poison           1
   b - Cure Poison                    Poison                       2
   c - Mephitic Cloud                 Conjuration/Poison/Air       3
   d - Olgreb's Toxic Radiance        Poison                       4
   e - Venom Bolt                     Conjuration/Poison           5
 Q - a book of Changes

   Spells                             Type                      Level
   a - Beastly Appendage              Transmutation                1
   b - Sticks to Snakes               Transmutation                2
   c - Spider Form                    Transmutation/Poison         3
   d - Ice Form                       Ice/Transmutation            4
   e - Blade Hands                    Transmutation                5
 T - a book of Envenomations

   Spells                             Type                      Level
   a - Spider Form                    Transmutation/Poison         3
   b - Alistair's Intoxication        Transmutation/Poison         4
   c - Olgreb's Toxic Radiance        Poison                       4
   d - Poisonous Cloud                Conjuration/Poison/Air       6
Miscellaneous
 D - a lantern of shadows
Comestibles
 b - a slice of pizza
 c - 5 beef jerkies
 h - 3 meat rations
 p - 6 bread rations
 v - 13 fruits


   Skills:
 * Level 12.5 Fighting
   Level 2.4(7.3) Short Blades
 * Level 10.7(10.8) Long Blades
 + Level 8.0 Armour
 + Level 7.9 Dodging
 - Level 0.8 Stealth
 + Level 11.2 Invocations


You had 12 spell levels left.
You didn't know any spells.

Dungeon Overview and Level Annotations

Branches:
Dungeon (10/15)            Temple (0/1) D:4            Lair (5/8) D:9
  Swamp (1/4) Lair:3          Orc (0/4) D:10
  Snake: Lair:3-6    Spider: Lair:3-6

Altars:
Elyvilon
Fedhas
Kikubaaqudgha
Okawaru
Ru
Trog
Vehumet
Xom
Zin
The Shining One

Shops:
D:4 ![   D:6 *!   D:10 (

Annotations:
Lair:5 Kirke


Innate Abilities, Weirdness & Mutations

((You have a pair of antennae on your head.))
((You are partially covered in iridescent scales (AC +4).))
You can steal the life force of defeated enemies.
((You are mostly covered in sharp spines.))


Message History

The blink frog blinks!
You hit the blink frog.
The blink frog is lightly wounded.
The blink frog closely misses you.
You miss the blink frog.
The blink frog is lightly wounded.
The blink frog hits you. The blink frog hits you!!
* * * LOW HITPOINT WARNING * * *
You hit the blink frog.
The blink frog is lightly wounded.
The blink frog hits you!
* * * LOW HITPOINT WARNING * * *
The blink frog blinks!
You hit the blink frog but do no damage.
The blink frog is lightly wounded.
The blink frog completely misses you.
You miss the blink frog.
The blink frog is lightly wounded.
The blink frog misses you. The blink frog hits you!
You die...

##.............P...#.............
......##..#...>...###...##.......
##.#####..####...## #######..###.
.P.## #...# #P.P†## #####.# ....#
##.#####....# ##. ...##
#...P#..P..# #.. ...#
##..<......##### ### #..#
#.###.##...###.## #. ##.# ###
###..#hF....# #. ...#
##..#####.## #. #..###########.##
#†P# ## ....#.##..##.#..# #.P#
...............## #..#
.....)##P############..#
....#.P### ##.......# #......##
####.......P# ###
...P#...####..##.......#####.##


You could see a blink frog.

Vanquished Creatures
  4 hydras
  A catoblepas (Lair:5)
  Erica (D:10)
  The ghost of futacatgirl the Geomancer, an experienced GrEE of Sif Muna (D:10)
  Nergalle (D:10)
  2 hill giants (D:10)
  12 elephants
  A black mamba (Lair:2)
  A torpor snail (Lair:3)
  6 spiny frogs
  2 komodo dragons
  6 blink frogs
  A spriggan (D:7)
  28 yaks
  A basilisk (Lair:3)
  4 hippogriffs
  A hog (Lair:5)
  3 hungry ghosts
  6 swamp worms (Lair:3)
  3 sky beasts
  6 water moccasins
  Duvessa (D:7)
  3 ogres
  2 ice beasts
  8 porcupines
  4 orc warriors
  A phantom (D:10)
  4 crocodiles
  A necrophage (D:7)
  4 centaurs
  2 big kobolds
  Blork the orc (D:4)
  11 giant frogs
  3 scorpions
  Dowan (D:7)
  4 killer bees (D:9)
  8 crimson imps
  A quasit (D:9)
  2 giant frog zombies
  5 hounds
  3 giant frog skeletons
  4 jellies
  7 orc priests
  A centaur skeleton (D:4)
  12 orc wizards
  6 iguanas
  5 worker ants
  20 sheep
  22 gnolls
  3 worker ant zombies
  18 adders
  34 river rats
  A shadow imp (D:5)
  12 white imps (Lair:4)
  An adder zombie (D:7)
  4 oozes
  An adder skeleton (D:6)
  4 worms
  6 giant geckos
  55 orcs
  12 bats
  2 bat skeletons
  A bat zombie (D:6)
  14 hobgoblins
  11 jackals
  24 kobolds
  5 quokkas
  A ball python (D:3)
  5 giant cockroaches
  5 giant newts
  16 goblins
  A quokka zombie (D:5)
  10 rats
  2 spectral orcs (D:10)
  A butterfly (Lair:1)
  A fungus (Lair:3)
487 creatures vanquished.

Vanquished Creatures (others)
  The ghost of Monkaria the Protected, a powerful DsCK of Xom (Lair:1)
  The ghost of Monkaria the Martial Artist, an experienced DsCK of Xom (Lair:1)
  The ghost of tyrsky the Ruffian, an average NaMo (D:4)
  A troll (D:9)
  An orc warrior (D:10)
  A sky beast (D:5)
  An ogre (D:3)
  2 electric eels
  An orc wizard (D:7)
  An orc (D:7)
  2 fungi
  A plant (Lair:1)
14 creatures vanquished.

Grand Total: 501 creatures vanquished

Notes
Turn   | Place    | Note
--------------------------------------------------------------
     0 | Abyss:1  | Jine the Demonspawn Abyssal Knight began the quest for the Orb.
     0 | Abyss:1  | Reached XP level 1. HP: 18/18 MP: 2/2
     3 | D:1      | Escaped the Abyss
   888 | D:1      | Gained mutation: You are partially covered in sharp spines. [demonic ancestry]
   888 | D:1      | Reached XP level 2. HP: 16/24 MP: 3/3
   998 | D:1      | Reached skill level 1 in Dodging
  1076 | D:1      | Found a shimmering altar of Xom.
  1133 | D:1      | Acquired Lugonu's second power
  1229 | D:2      | Reached XP level 3. HP: 27/29 MP: 4/4
  1479 | D:2      | Gained mutation: You are mostly covered in sharp spines. [demonic ancestry]
  1479 | D:2      | Reached XP level 4. HP: 22/37 MP: 4/6
  2171 | D:3      | Acquired Lugonu's third power
  2184 | D:3      | Reached skill level 4 in Fighting
  2184 | D:3      | Gained mutation: You can steal the life force of nearby defeated enemies. [demonic ancestry]
  2184 | D:3      | Reached XP level 5. HP: 32/42 MP: 7/7
  2404 | D:3      | Found a blossoming altar of Fedhas.
  2684 | D:3      | Found a sacrificial altar of Ru.
  2684 | D:3      | Found a bloodstained altar of Trog.
  2804 | D:4      | Reached XP level 6. HP: 49/49 MP: 8/8
  2910 | D:4      | Found Paur's Armour Emporium.
  2921 | D:4      | Bought a +0 helmet for 45 gold pieces
  3009 | D:4      | Reached skill level 5 in Fighting
  3021 | D:4      | Found a staircase to the Ecumenical Temple.
  3158 | D:4      | Noticed tyrsky's ghost (average NaMo)
  3161 | D:4      | Acquired Lugonu's fourth power
  3294 | D:3      | Reached skill level 1 in Long Blades
  3488 | D:4      | Banished tyrsky's ghost
  3488 | D:4      | Gained mutation: You have a pair of small antennae on your head. [demonic ancestry]
  3488 | D:4      | Reached XP level 7. HP: 56/56 MP: 10/10
  3554 | D:4      | Noticed Blork the orc
  3563 | D:4      | Killed Blork the orc
  3582 | D:4      | Found Apeiwyal's Distillery.
  3818 | D:4      | Bought a potion of heal wounds for 55 gold pieces
  4291 | D:5      | Entered Level 5 of the Dungeon
  4387 | D:5      | Found a radiant altar of Vehumet.
  4396 | D:5      | Reached skill level 6 in Fighting
  4458 | D:5      | Gained mutation: You are partially covered in iridescent scales (AC +4). [demonic ancestry]
  4458 | D:5      | Reached XP level 8. HP: 64/64 MP: 11/11
  4490 | D:5      | Reached skill level 5 in Invocations
  4908 | D:6      | Reached skill level 7 in Fighting
  5047 | D:6      | Found Desm's Distillery.
  5050 | D:6      | Bought a potion of heal wounds for 70 gold pieces
  5547 | D:6      | Found Louwnyom's General Store.
  5666 | D:6      | Found a white marble altar of Elyvilon.
  5666 | D:6      | Found a glowing silver altar of Zin.
  5666 | D:6      | Found a glowing golden altar of the Shining One.
  5781 | D:7      | Noticed Dowan
  5784 | D:7      | Noticed Duvessa
  5789 | D:7      | Killed Dowan
  5802 | D:7      | Killed Duvessa
  5802 | D:7      | Reached XP level 9. HP: 21/72 MP: 13/13
  6254 | D:7      | Found an iron altar of Okawaru.
  6265 | D:7      | Reached skill level 5 in Long Blades
  6361 | D:7      | Found an ancient bone altar of Kikubaaqudgha.
  6676 | D:8      | Reached skill level 5 in Armour
  6680 | D:8      | Acquired Lugonu's fifth power
  6731 | D:8      | Reached skill level 8 in Fighting
  7135 | D:8      | Gained mutation: You have a pair of antennae on your head. [demonic ancestry]
  7135 | D:8      | Reached XP level 10. HP: 82/82 MP: 15/15
  7548 | D:9      | Reached skill level 5 in Dodging
  7665 | D:9      | Found a staircase to the Lair.
  8222 | D:9      | Reached skill level 9 in Fighting
  8366 | D:10     | Entered Level 10 of the Dungeon
  8662 | D:10     | Noticed futacatgirl's ghost (experienced GrEE)
  8679 | D:10     | Killed futacatgirl's ghost
  8724 | D:10     | Found a staircase to the Orcish Mines.
  8763 | D:10     | Found Middum's Antique Weapon Emporium.
  8949 | D:10     | Noticed a hill giant
  8950 | D:10     | Noticed Erica
  8950 | D:10     | Noticed a hill giant
  8985 | D:10     | Killed a hill giant
  9045 | D:10     | Killed a hill giant
  9146 | D:10     | Killed Erica
  9146 | D:10     | Gained mutation: You can steal the life force of defeated enemies. [demonic ancestry]
  9146 | D:10     | Reached XP level 11. HP: 50/90 MP: 10/17
  9332 | D:10     | Noticed Nergalle
  9349 | D:10     | Killed Nergalle
  9349 | D:10     | Reached skill level 10 in Fighting
  9536 | Lair:1   | Entered Level 1 of the Lair of Beasts
  9567 | Lair:1   | Identified a scroll of acquirement
  9917 | Lair:1   | Noticed Monkaria's ghost (experienced DsCK)
  9926 | Lair:1   | Banished Monkaria's ghost
 10286 | Lair:1   | Noticed Monkaria's ghost (powerful DsCK)
 10290 | Lair:1   | Banished Monkaria's ghost
 10617 | Lair:2   | Noticed an eight-headed hydra
 10625 | Lair:2   | Killed a five-headed hydra
 11207 | Lair:2   | Noticed an eight-headed hydra
 11217 | Lair:2   | Killed a three-headed hydra
 11217 | Lair:2   | Reached skill level 10 in Invocations
 11740 | Lair:3   | Reached skill level 11 in Fighting
 11797 | Lair:3   | Reached XP level 12. HP: 75/100 MP: 19/19
 12248 | Lair:3   | Found a staircase to the Swamp.
 12259 | Swamp:1  | Entered Level 1 of the Swamp
 12559 | Lair:3   | Reached skill level 10 in Long Blades
 13182 | Lair:4   | Noticed a four-headed hydra
 13194 | Lair:4   | Killed a one-headed hydra
 13262 | Lair:4   | Found a frozen archway.
 13339 | Lair:4   | Noticed a six-headed hydra
 13347 | Lair:4   | Killed a three-headed hydra
 13347 | Lair:4   | Reached skill level 12 in Fighting
 13670 | Lair:5   | Noticed a catoblepas
 13799 | Lair:5   | Reached XP level 13. HP: 109/109 MP: 3/21
 14154 | Lair:5   | Killed a catoblepas
 14182 | Lair:5   | Noticed Kirke
 14236 | Lair:4   | Slain by a blink frog

Vault maps used:
D:1:      minmay_arrival_checkered_box, xom_teletrap_fun
D:2:      minmay_cupped
D:3:      amethyst_overflow_temple_binary, fedhas_altar_3,
          minmay_misc_feat_secret_circle, hangedman_decor_slide_cut,
          roderic_lattice_a, grunt_ministairs_6
D:4:      temple_doors_b, serial_shops, nicolae_shop_statue_plus,
          nicolae_shop_stone, first_bread, kennysheep_generic_room_3,
          uniq_blork_the_orc
D:5:      vehumet_crystals, st_stairs_2
D:6:      good_gods_mini_temple, serial_shops, nicolae_shop_behind_doors,
          kennysheep_mini_moat, serial_glass, glass_columns_a, glass_columns_b
D:7:      lemuel_doored_altar, the_bakery, okawaru_gym_becter, uniq_duvessa
D:8:      minmay_ornate_pinched
D:9:      lair_0_dummy
D:10:     orc_0_dummy, serial_shops, nicolae_shop_overgrown_old_shop,
          uniq_erica, uniq_nergalle
Lair:1:   serial_bayou_shore_b, grunt_megastairs_2, lemuel_fruit_tree,
          serial_bayou_shore_a, lemuel_fruit_fields
Lair:2:   st_stairs_6
Lair:3:   nicolae_swamp_entry_splash_gauntlet
Lair:4:   portal_ice_cave_entry_imps
Lair:5:   minmay_shoals_entry_centaurs, guppyfry_snake_entry_garden,
          serial_bayou_lagoon_a, infiniplex_staircase_pool, uniq_kirke
Swamp:1:  serial_swamp_ruin, evilmike_swamp_ruin_house_6,
          hangedman_swamp_ruin_wall, swamp_pool2, infiniplex_staircase_pool_2

Action                   |  1- 3 |  4- 6 |  7- 9 | 10-12 | 13-15 || total
-------------------------+-------+-------+-------+-------+-------++-------
Melee: Short sword       |    70 |    26 |       |       |       ||    96
       Falchion          |       |    63 |   290 |   229 |       ||   582
       Scimitar          |       |       |       |   385 |    34 ||   419
       Unarmed           |       |       |       |       |    20 ||    20
Invok: Banish            |       |     1 |     6 |     7 |       ||    14
       Bend Space        |       |       |     1 |       |       ||     1
  Use: Scroll            |       |       |    18 |     9 |     2 ||    29
       Potion            |       |       |     1 |     6 |       ||     7
 Stab: Petrifying        |       |       |       |       |     1 ||     1
       Petrified         |       |       |       |       |     1 ||     1
  Eat: Bread ration      |       |     1 |     2 |     4 |       ||     7
       Beef jerky        |       |     2 |     1 |       |       ||     3
       Pizza             |       |       |     3 |       |       ||     3
       Meat ration       |       |       |     1 |     1 |       ||     2
